Cogmind - Beta 16.1 @@@ ROGUE MODE // 2026.01.11 @ 11:25:08 Player: H3-MLN Result: Destroyed by X-77 Beamer with Gatling Laser Performance ------------- Evolutions (5) 2500 Regions Visited (19) 3800 Robots Destroyed (337) 1685 Value Destroyed (13748) 13748 Prototype IDs (77) 1540 Alien Tech Used (0) 0 Bonus (10838) 10838 TOTAL SCORE: 34111 Bonus ------- Triggered High Security 500 High Alert Combat Kills 3099 Follower Combat Kills 2463 Hunted by Unchained 500 Entered Garrisons 1000 Used RIF Installer 3000 Aligned with FarCom 300 Friendly Fire -24 Cogmind --------- Core Integrity 0/1000 Matter 300/300 Energy 315/315 System Corruption 7% Temperature Cool (30) Movement Hovering (147) Ox1 Location -5/Garrison Parts ------- > --- POWER (2) -------- Neutrino Core > --- PROPULSION (5) --- Combat Gravmag System (fused) Combat Gravmag System Cooled VTOL Module > --- UTILITY (8) ------ Advanced Visual Processing Unit Experimental Targeting Computer Layered Light Armor Plating Layered Light Armor Plating Layered Light Armor Plating Shock Absorption System Relay Coupler [Behemoth] (9) Relay Coupler [Proto] (9) > --- WEAPON (2) ------- Heavy Rocket Launcher Vibroblade (fused) > --- INVENTORY (5) ---- Energy Well (350) Relay Coupler [NC] (30) Cooled Plasma Cannon Hellfire Missile Launcher Botcube Peak State ------------ > --- POWER ------------ F-cell Engine > --- PROPULSION ------- Experimental Flexi-carbon Leg Heavy Armored Exoskeleton > --- UTILITY ---------- Large Storage Unit Energy Well Advanced Gravity Neutralizer Transmission Jammer Hacking Suite Improved Hacking Suite Improved System Shield > --- WEAPON ----------- Helical Railgun Vibroblade > --- INVENTORY -------- Cooled VTOL Module Cooled Cesium-ion Thruster Cooled Cesium-ion Thruster Cooled Cesium-ion Thruster Cooled Cesium-ion Thruster Trap Extractor Improved Trap Extractor AWS/Thermal Cooled Plasma Cannon Rocket Array Remote Datajack Shock Maul Vibroblade Botcube [Rating: 102] Favorites ----------- Power Heavy Ion Engine Engine Heavy Ion Engine Power Core Micro Nuclear Core Reactor Micro Antimatter Reactor Propulsion Light Treads Treads Light Treads Leg Experimental Flexi-carbon Leg Wheel Armored Huge Wheel Hover Unit Gravmag System Flight Unit Cooled Cesium-ion Thruster Utility High-capacity Storage Unit Device Advanced Gravity Neutralizer Storage High-capacity Storage Unit Processor Core Analyzer Hackware Improved System Shield Protection Reactive Plating Weapon Enhanced Autogun Energy Gun Beamcaster Energy Cannon Cooled Plasma Cannon Ballistic Gun Enhanced Autogun Ballistic Cannon Antimatter Cannon Launcher Grenade Launcher Special Weapon Remote Datajack Impact Weapon Heavy Mace Slashing Weapon Vibroblade Special Melee Weapon Datajack Build | -11 -10 -10 -9 -9 -9 -8 -8 -8 -8 -8 -7 -6 -6 -6 -6 -6 -6 -5 -5 ------- Run | Yrd Mat Min Mat Min Exi Min Mat Gar Mat Gar Fac Fac Was Fac Gar Fac Gar Fac Gar Slots Evolved 10 | . . . 2 . . . 2 . . . 2 2 . . . . . 2 . Power 1 | . . . . . . . . . . . . . . . . . . 1 . Propulsion 3 | . . . 1 . . . 1 . . . 1 . . . . . . . . Utility 6 | . . . 1 . . . 1 . . . 1 2 . . . . . 1 . Weapon . | . . . . . . . . . . . . . . . . . . . . Parts Attached 219 | 8 14 2 23 3 . . 26 11 3 11 20 16 2 22 12 17 10 10 9 Power 21 | 1 1 . . . . . 3 2 . . 1 2 . 4 2 2 1 1 1 Engine 12 | 1 1 . . . . . 2 2 . . 1 2 . 2 . 1 . . . Core 7 | . . . . . . . 1 . . . . . . 1 1 1 1 1 1 Reactor 2 | . . . . . . . . . . . . . . 1 1 . . . . Propulsion 54 | 2 . . 11 1 . . 8 1 1 6 5 4 . 5 3 . 3 1 3 Treads 32 | 2 . . 11 1 . . 6 1 1 6 1 . . . 1 . . 1 1 Leg 3 | . . . . . . . . . . . . . . 2 . . 1 . . Wheel 2 | . . . . . . . . . . . 2 . . . . . . . . Hover 3 | . . . . . . . . . . . 1 . . . . . . . 2 Flight 14 | . . . . . . . 2 . . . 1 4 . 3 2 . 2 . . Utility 87 | 3 8 1 3 1 . . 8 4 . 3 8 8 2 8 4 11 4 7 4 Device 32 | 2 3 . 1 1 . . 1 2 . . 3 2 2 3 3 6 . 2 1 Storage 11 | 1 4 . . . . . . . . . 1 2 . 1 . 2 . . . Processor 10 | . . . . . . . 1 . . . 1 4 . 1 . 2 . 1 . Hackware 19 | . . . . . . . 2 1 . 1 3 . . 3 . 1 4 4 . Protection 15 | . 1 1 2 . . . 4 1 . 2 . . . . 1 . . . 3 Artifact . | . . . . . . . . . . . . . . . . . . . . Weapon 57 | 2 5 1 9 1 . . 7 4 2 2 6 2 . 5 3 4 2 1 1 Energy Gun 8 | 2 1 1 . . . . 2 1 . . . . . 1 . . . . . Energy Cannon 5 | . 1 . . . . . . 1 . . . 1 . . 1 . 1 . . Ballistic Gun 21 | . 1 . 7 1 . . 4 1 2 1 1 . . 1 . 1 . 1 . Ballistic Cannon 1 | . . . . . . . . . . . . 1 . . . . . . . Launcher 7 | . 1 . 1 . . . . . . . 2 . . . 1 1 . . 1 Special Weapon 6 | . . . . . . . . 1 . 1 1 . . . . 2 1 . . Impact Weapon 4 | . . . 1 . . . . . . . 2 . . 1 . . . . . Slashing Weapon 3 | . . . . . . . . . . . . . . 2 1 . . . . Piercing Weapon . | . . . . . . . . . . . . . . . . . . . . Special Melee Weapon 2 | . 1 . . . . . 1 . . . . . . . . . . . . Unidentified Prototypes 29 | . 1 . 2 . . . 3 . . . 2 3 . 11 . 6 1 . . Parts Lost 43 | . . . 3 . . . 2 2 . 4 1 . . 2 6 4 2 17 . Power 7 | . . . . . . . 1 . . . . . . 1 . 2 . 3 . Propulsion 14 | . . . . . . . . 1 . 3 1 . . . 3 . . 6 . Utility 15 | . . . 2 . . . 1 1 . 1 . . . 1 1 1 2 5 . Weapon 7 | . . . 1 . . . . . . . . . . . 2 1 . 3 . Highest Loss Streak 17 | . . . 1 . . . 1 1 . 3 1 . . 1 4 3 2 17 . To Critical Strikes . | . . . . . . . . . . . . . . . . . . . . Average Backups 15 | 2 9 18 18 18 17 17 16 18 17 17 16 5 9 11 10 14 14 13 4 Power . | . . . . . . . . . . . . . 1 . . . . . . Propulsion 2 | . . 1 2 2 1 2 2 2 2 2 1 . . 2 3 3 3 1 . Utility 7 | . 5 11 9 8 9 9 7 7 8 8 7 2 4 3 2 5 5 7 2 Weapon 5 | 1 2 4 5 6 6 6 5 7 6 6 6 2 3 3 4 5 5 3 2 Tool/Special . | . . . . . . . . . . . . . . . . . . . . Unused Backups 78 | . 5 . 8 . 1 . 11 7 . 5 8 . . 12 14 1 4 1 1 Power 5 | . 1 . . . . . . . . . . . . 1 2 . 1 . . Propulsion 10 | . . . 3 . . . 2 . . 1 . . . 2 2 . . . . Utility 41 | . 3 . 1 . . . 8 5 . 4 5 . . 6 6 . 1 1 1 Weapon 21 | . 1 . 4 . 1 . 1 2 . . 3 . . 3 3 1 2 . . Tool/Special 1 | . . . . . . . . . . . . . . . 1 . . . . Average Slot Usage (%) 94 | . 99 100 99 100 99 100 97 99 100 93 81 91 100 90 88 91 87 89 64 Engine 8 | . 14 14 10 11 11 11 8 9 9 9 6 6 6 5 1 . 1 4 . Treads 21 | . 27 28 33 33 33 33 34 35 36 35 19 . . . . . . . . Flight 6 | . . . . . . . . . . . 1 28 33 18 16 26 25 21 5 Device 4 | . 10 . 3 . . . . 3 5 . 1 12 13 12 14 8 4 10 2 Storage 9 | . 14 14 11 11 11 11 9 9 9 9 6 4 6 8 7 7 13 5 . Processor 5 | . . . . . . . 2 9 9 9 7 19 20 6 6 10 13 11 11 Hackware 6 | . . . . . . . 8 5 9 4 7 6 6 17 13 17 12 14 11 Protection 9 | . 3 14 18 21 22 22 15 9 3 8 5 . . . 2 . . . 11 Energy Gun 2 | . 7 8 7 . . . 2 . . . . . . . . . . . . Energy Cannon 2 | . 11 6 . . . . . 3 . . . 3 6 5 2 . . . . Ballistic Gun 7 | . 5 7 14 22 . . 11 10 16 12 10 . . 2 1 . . . . Impact Weapon 1 | . . . . . 10 11 1 1 . 4 . 5 6 3 . . . . . Slashing Weapon 1 | . . . . . . . . . . . . . . . 7 10 6 5 5 Special Melee Weapon 1 | . 2 . . . 10 11 1 . . . . . . . . . . . . Peak Build Rating 102 | 10 13 19 26 25 24 24 41 48 42 53 57 78 83 102 97 99 93 97 78 Average Rating 47 | 6 11 17 23 24 23 24 33 40 40 43 49 68 80 86 90 89 83 87 65 On Entrance 45 | . 8 13 19 23 25 24 24 39 40 42 46 51 77 80 96 93 84 81 40 Avg Prop Armor Cover (%) 11 | . . . . . . . . . . . 11 8 . 20 . 3 . . 2 Naked Turns . | . . . . . . . . . . . . . . . . . . . . Heaviest Build 85 | 14 53 59 69 69 67 67 76 79 68 83 85 44 46 57 59 43 48 46 40 Greatest Support 129 | 40 40 40 60 63 63 63 91 89 88 102 102 45 45 129 113 58 42 70 28 Greatest Overweight (x) 13 | . 1 1 1 1 1 1 1 1 . 1 3 . 1 2 13 . 1 2 1 Average Overweight (x) . | . . . . . 1 1 . . . . 1 . . . . . . . . Largest Inventory Capacity 20 | 8 20 20 20 20 20 20 20 20 20 20 20 15 15 15 15 15 15 15 5 Average Capacity 17 | 7 12 19 20 20 20 20 20 20 20 20 17 9 15 15 12 15 15 14 5 Most Carried 20 | 5 15 20 20 20 20 20 20 20 20 20 20 11 15 15 15 15 15 15 5 Average Carried 17 | 3 10 19 19 19 19 20 19 19 19 19 17 7 14 14 11 14 14 14 5 Final Capacity 20 | 8 15 20 20 20 20 20 20 20 20 20 5 15 15 15 15 15 15 5 5 Final Carried 20 | 5 15 20 20 20 20 20 20 20 20 20 5 11 15 15 13 15 15 5 5 Class Distribution -------------------- 65% | Trapper-Mutant 7% | Hacker-Mutant 5% | Trapper-Sprinter 5% | Hacker-Sprinter 4% | Mutant 4% | Bothacker-Ninja 3% | Bothacker-Scout Dominant Class ---------------- Trapper-Mutant | -10/Materials Trapper-Mutant | -10/Mines Trapper-Mutant | -9/Materials Trapper-Mutant | -9/Mines Trapper-Mutant | -9/Exiles Trapper-Mutant | -8/Mines Trapper-Mutant | -8/Materials Trapper-Mutant | -8/Garrison Trapper-Mutant | -8/Materials Trapper-Mutant | -8/Garrison Trapper-Mutant | -7/Factory Trapper-Sprinter | -6/Factory Trapper-Sprinter | -6/Waste Hacker-Mutant | -6/Factory Hacker-Sprinter | -6/Garrison Bothacker-Scout | -6/Factory Bothacker-Ninja | -6/Garrison Bothacker-Ninja | -5/Factory Scavenger-Mutant | -5/Garrison Resources | -11 -10 -10 -9 -9 -9 -8 -8 -8 -8 -8 -7 -6 -6 -6 -6 -6 -6 -5 -5 ----------- Run | Yrd Mat Min Mat Min Exi Min Mat Gar Mat Gar Fac Fac Was Fac Gar Fac Gar Fac Gar Matter Collected 9265 | 280 283 107 871 132 64 48 755 951 37 971 1363 205 20 806 665 443 614 308 342 Remotely . | . . . . . . . . . . . . . . . . . . . . Salvage Created 13297 | 99 505 187 1258 102 . 231 1373 748 82 807 1601 403 . 1566 960 1794 428 651 502 Parts 658 | 12 40 4 92 7 . 8 72 35 2 38 85 8 . 58 52 68 26 28 23 Haulers Intercepted 22 | . 2 . 5 . . . 3 . . . 2 3 . 2 . 5 . . . Recyclers Shooed 11 | 1 3 . . . . . 6 . . . 1 . . . . . . . . Parts Field Recycled . | . . . . . . . . . . . . . . . . . . . . Retrieved Matter . | . . . . . . . . . . . . . . . . . . . . Parts Self-Destructed . | . . . . . . . . . . . . . . . . . . . . Prevented . | . . . . . . . . . . . . . . . . . . . . Parts Restored . | . . . . . . . . . . . . . . . . . . . . Kills | -11 -10 -10 -9 -9 -9 -8 -8 -8 -8 -8 -7 -6 -6 -6 -6 -6 -6 -5 -5 ------- Run | Yrd Mat Min Mat Min Exi Min Mat Gar Mat Gar Fac Fac Was Fac Gar Fac Gar Fac Gar Combat Hostiles Destroyed 225 | . 12 3 28 2 . 1 18 24 1 17 35 1 . 23 19 9 20 10 2 Melee 28 | . . . . . . 1 . 1 . . . 1 . . 6 8 6 3 2 Guns 94 | . 3 . 16 2 . . 14 10 1 15 22 . . 7 4 . . . . Cannons 17 | . 6 . . . . . . 2 . . . . . 5 4 . . . . AOE 80 | . 3 3 12 . . . 4 10 . 1 13 . . 7 5 1 14 7 . Classes Destroyed 23 | 2 5 1 3 . . . 4 2 . 1 2 . . 1 . . . 2 . Worker 19 | . 1 1 3 1 . 4 1 . . . 2 . . 2 . 4 . . . Builder 12 | . . . 2 . . 1 . . . . 5 2 . 1 . 1 . . . Tunneler 4 | 2 . . 1 . . 1 . . . . . . . . . . . . . Hauler 22 | . 2 . 5 . . . 3 . . . 2 3 . 2 . 5 . . . Recycler 20 | 1 1 2 . . . 1 5 . . . 2 . . 1 . 5 . 2 . Mechanic 2 | . . . . . . . . . . . 1 . . . . 1 . . . Operator 3 | . . . 1 . . . 1 . . . . . . 1 . . . . . Drone 1 | . . . . . . . . . . . . . . . . . . 1 . Turret 9 | . . . . . . . . . . . . . . . . . . 9 . Watcher 22 | . 3 . 4 . . . 2 1 1 . 1 1 . 3 1 4 1 . . Swarmer 56 | . 9 . 11 . . . 4 7 1 2 3 . . . 7 . 11 1 . Saboteur 2 | . . . . . . . . . . . . . . 2 . . . . . Grunt 92 | . 3 . 8 2 . 1 7 12 1 5 23 1 . 8 7 7 4 3 . Brawler 8 | . . . . . . . 1 . . 2 1 . . 1 . . 3 . . Duelist 3 | . . . . . . . 1 . . . 1 . . 1 . . . . . Protector 2 | . . . . . . . . . . . 1 . . 1 . . . . . Sentry 23 | . . . 9 . . . 2 2 . 3 1 . . 1 1 1 . 2 1 Demolisher 1 | . . . . . . . . . . 1 . . . . . . . . . Specialist 8 | . . . . . . . 2 . . . . . . 4 1 . . . 1 Hunter 11 | . . . . . . . 1 1 . 1 1 . . 4 1 . . 2 . Programmer 13 | . . . . . . . . 1 . 1 4 . . 1 1 1 3 1 . Behemoth 4 | . . . . . . . . 1 . 2 . . . . 1 . . . . Assembled 3 | . . 3 . . . . . . . . . . . . . . . . . Butcher 1 | . . . . . . . . . . . . . . . 1 . . . . Best Kill Streak 17 | 3 4 3 7 2 . 2 5 4 2 3 17 2 . 12 3 5 7 13 1 Combat Bots Only 11 | . 4 2 6 2 . 1 4 4 1 3 9 1 . 11 3 2 7 4 1 Max Kills in Single Turn 5 | 1 2 2 2 1 . 1 3 3 1 2 5 1 . 4 2 2 4 4 1 Gunslinging 1 | . . . . . . . 1 . . 1 . . . . . . . . . Exploded 4 | . 2 1 2 . . . 3 3 . 1 3 . . 4 2 1 4 3 . Melee 1 | . . . . . . 1 . 1 . . . 1 . . 1 1 1 1 1 Uniques/NPCs Destroyed . | . . . . . . . . . . . . . . . . . . . . Combat | -11 -10 -10 -9 -9 -9 -8 -8 -8 -8 -8 -7 -6 -6 -6 -6 -6 -6 -5 -5 -------- Run | Yrd Mat Min Mat Min Exi Min Mat Gar Mat Gar Fac Fac Was Fac Gar Fac Gar Fac Gar Hostile Shots Fired 1065 | . 36 10 138 3 . . 66 59 . 72 142 2 . 156 118 41 15 187 20 Missed 359 | . 13 2 37 2 . . 22 18 . 17 61 . . 50 42 17 7 65 6 Hits 706 | . 23 8 101 1 . . 44 41 . 55 81 2 . 106 76 24 8 122 14 Melee 4 | . . . . . . . . 1 . . . . . 1 2 . . . . Projectile 702 | . 23 8 101 1 . . 44 40 . 55 81 2 . 105 74 24 8 122 14 AOE 8 | . . . . . . . . . . 3 . . . 3 1 . . 1 . Critical Strikes 23 | . 1 . 2 . . . . 1 . 1 1 . . 3 6 . . 8 . Part Disruptions 7 | . 1 . . . . . . . . . . . . 6 . . . . . Damage Taken 11858 | . 260 114 1118 10 . . 613 962 14 1167 1392 39 . 1837 1095 443 214 2380 200 Core 2454 | . 29 11 135 . . . 44 65 . 123 413 19 . 265 111 173 64 987 15 Absorbed by Shields 192 | . . . 102 . . . . . . . . . . . 56 . 34 . . Ignored by Resistances 74 | . . . 39 . . . 35 . . . . . . . . . . . . Regen/Repaired (Parts) 1627 | . 86 . 120 . . . 48 . . . 361 . 14 995 . . . 3 . Core Remaining (%) 62 | 100 . 84 . . . 66 . . . 57 41 . . . . . 25 . . Volleys Fired 618 | 5 41 14 100 5 . . 68 81 5 63 69 7 . 42 53 4 26 35 . Largest 2 | 2 2 2 2 2 . . 2 2 2 2 2 1 . 2 2 1 1 1 . Hottest 135 | 80 110 135 98 46 . . 98 115 50 58 50 35 . 73 105 60 105 60 . Shots Fired 1130 | 10 81 24 188 9 . . 130 142 10 149 133 7 . 101 83 4 24 35 . Gun 848 | 10 42 17 178 9 . . 128 94 10 138 106 . . 67 36 . . 13 . Cannon 155 | . 38 3 . . . . . 32 . . . 6 . 32 43 . 1 . . Launcher 66 | . 1 4 10 . . . 2 11 . 1 12 . . 2 4 2 10 7 . Special 61 | . . . . . . . . 5 . 10 15 1 . . . 2 13 15 . Kinetic 621 | . 13 7 127 9 . . 103 81 10 102 86 . . 34 36 . . 13 . Thermal 367 | 5 65 13 51 . . . 23 45 . 36 20 6 . 65 37 . 1 . . Explosive 66 | . 1 4 10 . . . 2 11 . 1 12 . . 2 4 2 10 7 . Electromagnetic 15 | 5 2 . . . . . 2 . . . . . . . 6 . . . . Robot Hit Streak 39 | 4 18 3 12 2 . . 15 17 3 39 22 21 . 16 9 4 7 10 . Robot Miss Streak 6 | 1 3 5 6 1 . . 2 3 2 3 3 2 . 4 5 . 2 2 . Penetration Max 1 | . . . . . . . . . . . . . . 1 1 . . 1 . Secondary Targets 9 | . . . . . . . 3 . . 3 3 . . . . . . . . Max Gunslinging Chain 1 | . . . . . . . 1 . . 1 1 . . . . . . . . Autonomous 103 | . . . . . . . . 13 . 36 20 . . 34 . . . . . Shots Hit Robots 825 | 7 52 9 113 5 4 8 101 64 6 108 95 11 . 72 46 54 26 34 10 Core Hits 553 | 4 27 9 53 3 . 1 49 46 4 38 98 2 . 63 24 26 22 76 8 Critical Kills 6 | . . . . . . . . 1 . 1 2 . . 1 1 . . . . Critical Parts Destroyed 16 | . . . . . . 3 . . . 1 . 3 . 6 1 . . 2 . Critical Strikes 36 | . 1 . 3 . . 3 1 1 . 2 2 3 . 7 3 7 . 3 . Burn 5 | . 1 . 3 . . . 1 . . . . . . . . . . . . Meltdown 1 | . . . . . . . . 1 . . . . . . . . . . . Destroy 9 | . . . . . . . . . . 2 2 . . 1 2 . . 2 . Smash 12 | . . . . . . 3 . . . . . 3 . 6 . . . . . Sever 9 | . . . . . . . . . . . . . . . 1 7 . 1 . Melee Attacks 383 | . . . 1 . 4 8 6 10 . 67 8 12 . 17 49 80 85 23 13 Impact 138 | . . . 1 . . 8 6 10 . 67 8 12 . 16 10 . . . . Slashing 241 | . . . . . . . . . . . . . . 1 39 80 85 23 13 Piercing . | . . . . . . . . . . . . . . . . . . . . Sneak Attacks 49 | . . . . . 4 8 3 2 . 2 . 4 . 4 2 18 1 1 . Combat Hostiles 2 | . . . . . . 1 . . . . . . . . . 1 . . . Follow-up Attacks 8 | . . . . . . . . . . . . . . . 3 5 . . . Damage Inflicted 37818 | 81 950 402 3024 79 . 724 2263 3008 122 2386 4925 707 . 4208 2691 4453 2863 4052 880 Guns 11427 | 81 322 86 1893 79 . . 1655 1008 122 2101 1557 . . 1437 685 . . 401 . Cannons 1990 | . 512 34 . . . . . 201 . . . 98 . 511 634 . . . . Explosions 14471 | . 116 282 1115 . . . 310 1592 . 97 3368 . . 1180 706 707 2013 2985 . Melee 9880 | . . . . . . 724 264 207 . 188 . 609 . 1080 666 3746 850 666 880 Ramming 50 | . . . 16 . . . 34 . . . . . . . . . . . . Kinetic 7062 | . 34 24 1229 79 . . 1279 595 122 1000 1026 . . 588 685 . . 401 . Thermal 6857 | 53 780 96 664 . . . 353 614 . 1101 921 98 . 1360 516 . . 301 . Explosive 13744 | . 80 282 1115 . . . 310 1592 . 97 2978 . . 1180 706 707 2013 2684 . Electromagnetic 225 | 28 56 . . . . . 23 . . . . . . . 118 . . . . Impact 2997 | . . . . . . 724 264 207 . 188 . 609 . 965 40 . . . . Slashing 6883 | . . . . . . . . . . . . . . 115 626 3746 850 666 880 Piercing . | . . . . . . . . . . . . . . . . . . . . Highest Corruption 15 | . . . 3 3 3 3 . . . . 3 . . 7 15 15 15 7 7 Average Corruption 7 | . . . 3 3 3 3 . . . . 2 . . 5 10 15 15 1 7 Corruption Purged . | . . . . . . . . . . . . . . . . . . . . Corruption Blocked . | . . . . . . . . . . . . . . . . . . . . Effects 283 | . . . 28 17 12 22 . . . . 19 . . 19 60 61 39 3 3 Message Errors 80 | . . . 9 3 4 5 . . . . 7 . . 3 16 22 10 . 1 Matter Fused 72 | . . . 7 5 1 8 . . . . 5 . . 3 18 18 6 1 . Heat Flow Errors 32 | . . . 1 4 2 2 . . . . 3 . . 1 5 7 6 1 . Energy Discharges 30 | . . . 5 2 . . . . . . 1 . . 1 7 7 7 . . Parts Rejected 4 | . . . . . . . . . . . 1 . . 1 . 1 . 1 . Parts Fused 12 | . . . . 2 1 1 . . . . . . . 1 4 1 1 . 1 Data Loss (minor) 22 | . . . 1 . 2 3 . . . . 1 . . 3 4 3 5 . . Data Loss (major) 12 | . . . 3 1 2 1 . . . . . . . 2 1 2 . . . Misfires 4 | . . . 1 . . . . . . . 1 . . 2 . . . . . Alerts 8 | . . . . . . 2 . . . . . . . 2 2 . 1 . 1 Misdirections 2 | . . . . . . . . . . . . . . . 1 . 1 . . Weapon Failures 5 | . . . 1 . . . . . . . . . . . 2 . 2 . . Overload Shots 2 | . . . . . . . . . . . . . . . 1 . 1 . . Overflow Damage 3111 | . 8 15 137 . . 516 36 91 . 78 295 478 . 643 113 377 115 86 123 Projectiles 33 | . 8 . . . . . . 2 . . . . . 7 16 . . . . Explosions 790 | . . 15 136 . . . . 89 . . 295 . . . 97 18 94 46 . Melee 2288 | . . . 1 . . 516 36 . . 78 . 478 . 636 . 359 21 40 123 Knockbacks 7 | . . . . . . 1 . . . . . 1 . 5 . . . . . Impact 7 | . . . . . . 1 . . . . . 1 . 5 . . . . . Kinetic . | . . . . . . . . . . . . . . . . . . . . Secondary . | . . . . . . . . . . . . . . . . . . . . Self-Inflicted Damage 603 | . 63 26 49 . . . . 161 . . 32 . . 156 . . 101 15 . Shots 21 | . 2 3 3 . . . . 2 . . 3 . . 6 . . 1 1 . Rammed 4 | . . . 1 . . . 3 . . . . . . . . . . . . Targets Rammed 4 | . . . 1 . . . 3 . . . . . . . . . . . . Kicked . | . . . . . . . . . . . . . . . . . . . . Crushed . | . . . . . . . . . . . . . . . . . . . . Highest Temperature 420 | 36 243 206 294 225 278 234 420 189 24 123 232 . . 106 241 198 267 210 29 Average Temperature 69 | 19 60 93 81 86 132 105 89 43 10 41 77 . . 20 98 73 73 69 18 Received Heat Transfer 2609 | . 33 80 489 6 . . 297 252 . 270 489 18 . 147 177 189 18 63 81 Effects 11 | . . . 5 2 . . 4 . . . . . . . . . . . . Energy Bleed 3 | . . . 3 . . . . . . . . . . . . . . . . Interference 4 | . . . 2 2 . . . . . . . . . . . . . . . Damage (major) 4 | . . . . . . . 4 . . . . . . . . . . . . Siege Activations . | . . . . . . . . . . . . . . . . . . . . Martial Activations . | . . . . . . . . . . . . . . . . . . . . Shielding Activations . | . . . . . . . . . . . . . . . . . . . . Robots Disrupted . | . . . . . . . . . . . . . . . . . . . . Combat Hostiles . | . . . . . . . . . . . . . . . . . . . . Robots Corrupted 16 | . . . 1 . . 2 2 . . 1 . 4 . 6 . . . . . Combat Hostiles 4 | . . . . . . . . . . 1 . . . 3 . . . . . Parts Fried 27 | . . . 1 . . 4 1 . . . . 7 . 11 3 . . . . Impact Corruptions 48 | . . . 1 . . 16 4 . . 2 . 9 . 16 . . . . . Robots Melted 2 | . . . . . . . . 1 . . . . . 1 . . . . . Combat Hostiles 2 | . . . . . . . . 1 . . . . . 1 . . . . . Parts Melted 15 | . 6 . 4 . . . . 1 1 . 2 . . 1 . . . . . Heat Transferred 9712 | 125 1912 185 1369 . . . 703 781 . 1295 737 150 . 1481 774 . . 200 . Parts Sabotaged . | . . . . . . . . . . . . . . . . . . . . Parts Stolen . | . . . . . . . . . . . . . . . . . . . . Parts Stripped . | . . . . . . . . . . . . . . . . . . . . Power Chain Reactions . | . . . . . . . . . . . . . . . . . . . . Alert | -11 -10 -10 -9 -9 -9 -8 -8 -8 -8 -8 -7 -6 -6 -6 -6 -6 -6 -5 -5 ------- Run | Yrd Mat Min Mat Min Exi Min Mat Gar Mat Gar Fac Fac Was Fac Gar Fac Gar Fac Gar Maximum Alert Level 5 | . . . 2 . . . . 4 3 4 5 4 1 2 5 3 4 3 1 Low Security (%) 42 | 100 100 100 48 100 . 100 100 10 . . . . 81 25 . . . . . Level 1 9 | . . . 28 . . . . 6 . . . . 18 38 . . . 54 100 Level 2 15 | . . . 22 . . . . 23 . 29 3 . . 35 15 31 21 33 . Level 3 19 | . . . . . . . . 21 99 29 68 65 . . 17 68 63 12 . Level 4 12 | . . . . . . . . 37 . 40 18 34 . . 55 . 15 . . Level 5 . | . . . . . . . . . . . 1 . . . 10 . . . . High Security . | . . . . . . . . . . . 8 . . . . . . . . Max Security . | . . . . . . . . . . . . . . . . . . . . Peak Influence 1696 | 10 128 15 437 168 . 81 157 1557 768 1559 1696 1130 322 621 1685 893 1303 736 361 Initial 1100 | . . 12 . 168 . . . 76 758 466 818 1100 322 . 433 884 535 683 303 Average 472 | . 37 . 209 36 . 8 61 847 733 983 1033 1046 125 312 1133 726 875 465 327 Influence Increases 11755 | 15 447 34 1002 45 . 116 678 1501 70 1283 1540 130 20 1396 1392 634 808 586 58 Destroy 0b10 Robot/C 5680 | . 240 . 560 40 . 60 420 660 40 580 860 20 . 720 700 210 375 165 30 Destroy 0b10 Robot/NC 564 | 15 35 15 80 5 . 35 65 5 5 5 80 30 . 60 5 88 4 12 20 Destroy Leader 878 | . 60 . 168 . . 10 102 30 12 30 148 8 . 150 30 66 24 40 . Allied During Kill 597 | . . . . . . 11 11 69 13 68 23 . . 210 104 14 49 25 . Trap Triggered on 0b10 94 | . . . . . . . . . . . 20 . . 50 . 8 . 16 . Successful Hack 407 | . 58 . 57 . . . 11 30 . 7 52 6 . 38 18 30 18 82 . Disable Machine 450 | . 30 . 45 . . . 30 15 . . 150 15 . 15 30 72 . 48 . Anti-Garrison Action 1390 | . . . . . . . . 500 . 450 . . . . 288 . 152 . . Destroy Structure 1110 | . 9 19 77 . . . 9 192 . 128 117 6 20 48 127 62 150 138 8 Partial Spotted 180 | . . . 15 . . . . . . . . 30 . 75 . 24 . 36 . Lose Combat Pursuer 405 | . 15 . . . . . 30 . . 15 90 15 . 30 90 60 36 24 . Influence Decreases 11664 | 15 414 67 571 476 . 116 560 62 909 442 1403 1176 940 777 326 1554 270 1456 130 Entered New Map 5549 | . . 21 . 263 . . . 42 799 252 741 866 598 . 186 801 230 620 130 Time Decay 4329 | 15 404 46 544 213 . 116 451 . 110 . 562 150 242 597 . 553 . 326 . Lost Part 427 | . . . 27 . . . 20 20 . 40 10 . . 20 60 40 20 170 . Lost Ally 689 | . 10 . . . . . 19 . . 150 90 10 100 160 80 10 20 40 . Purge Threat 670 | . . . . . . . 70 . . . . 150 . . . 150 . 300 . Squads Dispatched 50 | . 1 1 3 . . . 3 . . . 20 . . 9 . 8 . 5 . Investigation 6 | . . 1 . . . . 2 . . . 2 . . . . . . 1 . Extermination 11 | . . . . . . . . . . . 2 . . 4 . 4 . 1 . Reinforcement 19 | . 1 . 2 . . . 1 . . . 7 . . 3 . 3 . 2 . Assault 13 | . . . 1 . . . . . . . 9 . . 2 . 1 . . . Garrison 1 | . . . . . . . . . . . . . . . . . . 1 . Intercept . | . . . . . . . . . . . . . . . . . . . . Searches Triggered . | . . . . . . . . . . . . . . . . . . . . Unchained Authorized 1 | . . . . . . . . . . . . . . . . . . 1 . Construction Impeded 2 | . . . . . . . . . . . 2 . . . . . . . . Haulers Reinforced 2 | . . . . . . . . . . . 2 . . . . . . . . Active Scanning Responses . | . . . . . . . . . . . . . . . . . . . . Cargo Convoy Interrupts 3 | . . . . . . . . . . . 1 . . 1 . 1 . . . Stealth | -11 -10 -10 -9 -9 -9 -8 -8 -8 -8 -8 -7 -6 -6 -6 -6 -6 -6 -5 -5 --------- Run | Yrd Mat Min Mat Min Exi Min Mat Gar Mat Gar Fac Fac Was Fac Gar Fac Gar Fac Gar Distress Signals 22 | . 3 . 2 1 . . 4 . . . 3 . . 3 . 1 . 5 . Communications Jammed 190 | . . . . . . . . . . . . 22 . 17 67 1 14 69 . Distress Signals 189 | . . . . . . . . . . . . 22 . 17 67 . 14 69 . Times Spotted 442 | . 24 3 43 2 . 2 35 30 4 31 62 4 6 44 31 22 21 75 3 Peak Tracking Total 23 | . 4 2 5 2 . 2 5 3 3 4 8 2 5 6 5 3 6 23 2 Tactical Retreats 27 | . 1 . . . . . 1 . . 1 4 1 . 1 6 2 2 8 . Traps | -11 -10 -10 -9 -9 -9 -8 -8 -8 -8 -8 -7 -6 -6 -6 -6 -6 -6 -5 -5 ------- Run | Yrd Mat Min Mat Min Exi Min Mat Gar Mat Gar Fac Fac Was Fac Gar Fac Gar Fac Gar Traps Triggered 27 | . . . . . . . 2 1 . . 3 1 . 5 5 2 5 2 1 Indirectly . | . . . . . . . . . . . . . . . . . . . . Trap Hack Attempts 153 | . 76 . 47 . . . 30 . . . . . . . . . . . . Triggered 1 | . . . 1 . . . . . . . . . . . . . . . . Disarmed 2 | . 2 . . . . . . . . . . . . . . . . . . Reprogrammed 19 | . 8 . 2 . . . 3 . 6 . . . . . . . . . . Reused 6 | . . . . . . . . . . . 1 . . 5 . . . . . Traps Extracted 29 | . 8 . 2 4 . . . . 6 . 7 . . . . . . 2 . Installed 8 | . . . . . . . . . . . 2 . . 6 . . . . . Triggered 10 | . . . . . . . . . . . 2 . . 5 . 1 . 2 . Most Traps Carried 18 | . 8 8 10 14 14 14 14 14 16 16 18 10 10 10 4 4 4 6 . Machines | -11 -10 -10 -9 -9 -9 -8 -8 -8 -8 -8 -7 -6 -6 -6 -6 -6 -6 -5 -5 ---------- Run | Yrd Mat Min Mat Min Exi Min Mat Gar Mat Gar Fac Fac Was Fac Gar Fac Gar Fac Gar Machines Disabled 50 | . 2 . 3 . . . 2 6 . 3 10 1 . 1 8 6 4 4 . Max in Single Turn 4 | . 2 . 1 . . . 1 2 . 1 4 1 . . 1 . 1 1 . Garrison Access 6 | . . . . . . . . . . . 1 . . 2 . 1 . 2 . Garrison Relay 13 | . . . . . . . . 2 . 3 . . . . 4 . 4 . . Phase Generator 1 | . . . . . . . . 1 . . . . . . . . . . . Machines Repaired . | . . . . . . . . . . . . . . . . . . . . Machines Dismantled . | . . . . . . . . . . . . . . . . . . . . Machines Sabotaged . | . . . . . . . . . . . . . . . . . . . . Overloaded Fab Kills . | . . . . . . . . . . . . . . . . . . . . Hacking | -11 -10 -10 -9 -9 -9 -8 -8 -8 -8 -8 -7 -6 -6 -6 -6 -6 -6 -5 -5 --------- Run | Yrd Mat Min Mat Min Exi Min Mat Gar Mat Gar Fac Fac Was Fac Gar Fac Gar Fac Gar Machines Accessed 109 | . 9 1 14 . 2 . 12 3 2 4 9 4 . 15 3 13 3 15 . Terminals 67 | . 7 . 10 . . . 8 3 1 4 5 3 . 6 3 6 3 8 . Fabricators 7 | . . . . . . . . . . . 2 . . 3 . 1 . 1 . Repair Stations 6 | . 1 . 2 . . . 1 . . . 1 . . . . . . 1 . Recycling Units 7 | . 1 . . . . . 1 . . . . . . 2 . 2 . 1 . Scanalyzers 7 | . . . 2 . . . 1 . . . . 1 . 1 . 1 . 1 . Garrison Access 12 | . . . . . . . 1 . 1 . 1 . . 3 . 3 . 3 . Total Hacks 302 | . 26 1 46 . 5 . 32 7 6 8 20 8 . 42 10 40 8 43 . Successful 154 | . 15 1 22 . 5 . 20 3 4 1 10 5 . 19 3 22 2 22 . Failed 147 | . 11 . 23 . . . 12 4 2 7 10 3 . 23 7 18 6 21 . Catastrophic 28 | . 1 . 2 . . . . . . 2 3 1 . 2 3 7 1 6 . Database Lockouts 1 | . . . 1 . . . . . . . . . . . . . . . . Manual 135 | . 13 . 26 . 1 . 18 2 2 . 7 4 . 22 3 20 . 17 . Terminals 193 | . 22 . 35 . . . 24 7 4 8 11 7 . 15 10 17 8 25 . Fabricators 16 | . . . . . . . . . . . 4 . . 7 . 3 . 2 . Repair Stations 15 | . 2 . 4 . . . 2 . . . 4 . . . . . . 3 . Recycling Units 21 | . 2 . . . . . 1 . . . . . . 7 . 7 . 4 . Scanalyzers 27 | . . . 7 . . . 3 . . . . 1 . 6 . 6 . 4 . Garrison Access 24 | . . . . . . . 2 . 2 . 1 . . 7 . 7 . 5 . Terminal Hacks 53 | . 9 1 6 . 5 . 6 2 2 1 2 2 . 3 3 3 2 6 . Record 4 | . . . . . 4 . . . . . . . . . . . . . . Part Schematic 1 | . 1 . . . . . . . . . . . . . . . . . . Robot Analysis 1 | . 1 . . . . . . . . . . . . . . . . . . Prototype ID Bank 1 | . 1 . . . . . . . . . . . . . . . . . . Open Door 4 | . . 1 . . . . . . . 1 . . . . 1 . 1 . . Branch Access Points 3 | . . . . . . . . . . . . . . 1 . 1 . 1 . Emergency Access Points 2 | . . . . . . . . 1 . . . . . . 1 . . . . Terminal Index 1 | . . . 1 . . . . . . . . . . . . . . . . Unreport Threat 6 | . . . . . . . 2 . . . . 1 . . . 1 . 2 . Locate Traps 13 | . 2 . 4 . . . . . . . 2 . . 2 . 1 . 2 . Reprogram Traps 1 | . . . . . . . . . 1 . . . . . . . . . . Recall Investigation 1 | . . . . . . . 1 . . . . . . . . . . . . Hauler Manifests 2 | . 1 . . . . . 1 . . . . . . . . . . . . Registered Components 1 | . . . . . . . 1 . . . . . . . . . . . . Registered Prototypes 1 | . 1 . . . . . . . . . . . . . . . . . . Zone Layout 7 | . 2 . 1 . . . 1 . 1 . . 1 . . . . . 1 . Patrol Navigation 2 | . . . . . . . . 1 . . . . . . 1 . . . . Security Stations 1 | . . . . . . . . . . . . . . . . . 1 . . Proto ID Catalog 1 | . . . . . 1 . . . . . . . . . . . . . . Fabricator Hacks 4 | . . . . . . . . . . . 1 . . 2 . 1 . . . Network Status 3 | . . . . . . . . . . . 1 . . 1 . 1 . . . Build 1 | . . . . . . . . . . . . . . 1 . . . . . Repair Station Hacks 11 | . 2 . 4 . . . 2 . . . 2 . . . . . . 1 . Scan Component 6 | . 1 . 2 . . . 1 . . . 1 . . . . . . 1 . Repair 5 | . 1 . 2 . . . 1 . . . 1 . . . . . . . . Recycling Unit Hacks 3 | . 2 . . . . . 1 . . . . . . . . . . . . Report Inventory 1 | . 1 . . . . . . . . . . . . . . . . . . Retrieve Components 2 | . 1 . . . . . 1 . . . . . . . . . . . . Scanalyzer 17 | . . . 5 . . . 2 . . . . . . 4 . 4 . 2 . Insert Component 5 | . . . 2 . . . . . . . . . . 1 . 1 . 1 . Analyze 7 | . . . 2 . . . . . . . . . . 1 . 3 . 1 . Retrieve Study 5 | . . . 1 . . . 2 . . . . . . 2 . . . . . Garrison Access Hacks 18 | . . . . . . . 1 . 1 . 1 . . 5 . 5 . 5 . Unlock Access 6 | . . . . . . . 1 . 1 . . . . 2 . 1 . 1 . Seal Access 5 | . . . . . . . . . . . 1 . . 1 . 1 . 2 . Coupler Status 7 | . . . . . . . . . . . . . . 2 . 3 . 2 . Unauthorized Hacks 48 | . 2 . 7 . . . 8 1 1 . 4 3 . 5 . 9 . 8 . Terminals 31 | . 2 . 7 . . . 8 1 1 . 2 3 . 1 . 3 . 3 . Track 2 | . . . . . . . . . . . . . . . . . . 2 . Assimilate 7 | . 1 . . . . . 1 . . . 2 1 . . . 2 . . . Botnet 10 | . 1 . 1 . . . 2 1 1 . . 1 . 1 . 1 . 1 . Operators 1 | . . . 1 . . . . . . . . . . . . . . . . Skim 11 | . . . 5 . . . 5 . . . . 1 . . . . . . . Fabricators 5 | . . . . . . . . . . . 2 . . 1 . 1 . 1 . Liberate 1 | . . . . . . . . . . . 1 . . . . . . . . Haulers 4 | . . . . . . . . . . . 1 . . 1 . 1 . 1 . Repair Stations . | . . . . . . . . . . . . . . . . . . . . Recycling Units 10 | . . . . . . . . . . . . . . 3 . 3 . 4 . Monitor 1 | . . . . . . . . . . . . . . . . . . 1 . Reject 2 | . . . . . . . . . . . . . . 1 . . . 1 . Recyclers 2 | . . . . . . . . . . . . . . . . 1 . 1 . Mask 5 | . . . . . . . . . . . . . . 2 . 2 . 1 . Scanalyzers . | . . . . . . . . . . . . . . . . . . . . Garrison Access 2 | . . . . . . . . . . . . . . . . 2 . . . Reprogram 2 | . . . . . . . . . . . . . . . . 2 . . . Data Cores Recovered 2 | . . . . . . . 1 . . . . . . 1 . . . . . Used 1 | . . . . . . . 1 . . . . . . . . . . . . Hacking Detections 79 | . 7 . 12 . . . 8 3 2 4 6 3 . 11 2 10 2 9 . Full Trace Events 5 | . . . . . . . . 1 . 2 2 . . . . . . . . Feedback Events . | . . . . . . . . . . . . . . . . . . . . Feedback Blocked . | . . . . . . . . . . . . . . . . . . . . Robot Schematics Acquired . | . . . . . . . . . . . . . . . . . . . . Robots Built . | . . . . . . . . . . . . . . . . . . . . Authchips . | . . . . . . . . . . . . . . . . . . . . Time . | . . . . . . . . . . . . . . . . . . . . Total Robot Build Rating . | . . . . . . . . . . . . . . . . . . . . Part Schematics Acquired 6 | . 1 . 2 . . . . . . . . . . 1 . 1 . 1 . Parts Built 1 | . . . . . . . . . . . . . . 1 . . . . . Authchips . | . . . . . . . . . . . . . . . . . . . . Time 47 | . . . . . . . . . . . . . . 47 . . . . . Total Part Build Rating 5 | . . . . . . . . . . . . . . 5 . . . . . Part Studies Acquired 5 | . . . 1 . . . 2 . . . . . . 2 . . . . . Parts Repaired 5 | . 1 . 2 . . . 1 . . . 1 . . . . . . . . Time 175 | . 26 . 77 . . . 50 . . . 22 . . . . . . . . Parts Recycled . | . . . . . . . . . . . . . . . . . . . . Recycled Matter . | . . . . . . . . . . . . . . . . . . . . Retrieved Matter . | . . . . . . . . . . . . . . . . . . . . Retrieved Components 12 | . 3 . . . . . 9 . . . . . . . . . . . . Parts Scanalyzed 5 | . . . 2 . . . . . . . . . . 1 . 1 . 1 . Part Schematics Acquired 5 | . . . 2 . . . . . . . . . . 1 . 1 . 1 . Parts Damaged . | . . . . . . . . . . . . . . . . . . . . Bothacking | -11 -10 -10 -9 -9 -9 -8 -8 -8 -8 -8 -7 -6 -6 -6 -6 -6 -6 -5 -5 ------------ Run | Yrd Mat Min Mat Min Exi Min Mat Gar Mat Gar Fac Fac Was Fac Gar Fac Gar Fac Gar Used RIF Installer 6 | . . . . . . . . 1 . 1 . . . . 1 . 2 . 1 Command Fork 2 | . . . . . . . . . . . . . . . . . 2 . . Threat Obfuscator 1 | . . . . . . . . . . . . . . . 1 . . . . Watcher Feeds 1 | . . . . . . . . . . 1 . . . . . . . . . Program Shield 1 | . . . . . . . . . . . . . . . . . . . 1 Robots Hacked 33 | . . . . . 4 . . 1 . 5 7 1 . . . 2 6 7 . Non-combat 19 | . . . . . 3 . . . . . 7 1 . . . 1 . 7 . Combat 14 | . . . . . 1 . . 1 . 5 . . . . . 1 6 . . Robot Hacks Applied 39 | . . . . . 4 . . 1 . 5 9 1 . . . 2 6 11 . parse_system 8 | . . . . . 4 . . 1 . . 1 . . . . 1 . 1 . find_chute 1 | . . . . . . . . . . . 1 . . . . . . . . hold_bot 1 | . . . . . . . . . . . 1 . . . . . . . . drop_inventory 5 | . . . . . . . . . . . 2 1 . . . . . 2 . locate_traps 1 | . . . . . . . . . . . . . . . . . . 1 . reprogram_traps 7 | . . . . . . . . . . . 2 . . . . 1 . 4 . link_fov 1 | . . . . . . . . . . . 1 . . . . . . . . scatter_targeting 1 | . . . . . . . . . . . . . . . . . 1 . . amplify_resonance 3 | . . . . . . . . . . . . . . . . . 1 2 . disable_weapons 3 | . . . . . . . . . . 1 . . . . . . 2 . . reboot_system 1 | . . . . . . . . . . 1 . . . . . . . . . overwrite_iff 1 | . . . . . . . . . . 1 . . . . . . . . . formatsys_low 2 | . . . . . . . . . . . 1 . . . . . . 1 . formatsys_high 4 | . . . . . . . . . . 2 . . . . . . 2 . . Relay Couplers Released 59 | . . . . . . . . 10 . 13 3 . . 1 15 1 13 3 . Machine Destruction 59 | . . . . . . . . 10 . 13 3 . . 1 15 1 13 3 . Attached 13 | . . . . . . . . 1 . 1 3 . . . . 1 4 3 . Fabnet Peak Effective % . | . . . . . . . . . . . . . . . . . . . . Robots Rewired 7 | . . . . . . . . 3 . . . . . . 4 . . . . Allies Hacked 1 | . . . . . . . . . . . . . . 1 . . . . . Hacks Repelled . | . . . . . . . . . . . . . . . . . . . . Allies | -11 -10 -10 -9 -9 -9 -8 -8 -8 -8 -8 -7 -6 -6 -6 -6 -6 -6 -5 -5 -------- Run | Yrd Mat Min Mat Min Exi Min Mat Gar Mat Gar Fac Fac Was Fac Gar Fac Gar Fac Gar Total Allies 53 | . 1 . . 3 . . 2 3 . 5 5 1 19 1 5 1 5 2 . Largest Group 19 | . 1 . . 3 3 3 3 5 5 4 3 1 19 9 3 2 4 6 . Highest-Rated Group 702 | . 10 . . 40 40 40 76 91 91 86 103 10 702 343 169 99 153 199 . Highest-Rated Ally 83 | . 10 . . 16 16 16 66 66 66 66 39 10 50 83 83 73 73 51 . Total Orders 42 | . 4 . . . . . 6 13 . 3 3 . . . 2 5 5 1 . STAY 20 | . 2 . . . . . 3 7 . 2 1 . . . 1 1 3 . . ROAM 2 | . . . . . . . . 1 . . . . . . . 1 . . . FOLLOW 15 | . 2 . . . . . 3 5 . 1 . . . . 1 1 2 . . AID 3 | . . . . . . . . . . . 2 . . . . . . 1 . EXPLORE 1 | . . . . . . . . . . . . . . . . 1 . . . RETURN 1 | . . . . . . . . . . . . . . . . 1 . . . Ally Attacks 609 | . . . . . . 10 29 36 34 81 30 . 141 80 77 37 37 17 . Total Damage 16244 | . . . . . . 114 395 952 290 1320 853 . 5163 1996 2764 974 1006 417 . Kills 97 | . . . . . . 2 4 9 1 13 11 . 11 15 16 7 5 3 . Allies Corrupted . | . . . . . . . . . . . . . . . . . . . . Allies Melted 3 | . . . . . . . . . . 1 . . . 2 . . . . . Intel | -11 -10 -10 -9 -9 -9 -8 -8 -8 -8 -8 -7 -6 -6 -6 -6 -6 -6 -5 -5 ------- Run | Yrd Mat Min Mat Min Exi Min Mat Gar Mat Gar Fac Fac Was Fac Gar Fac Gar Fac Gar Active Infowar (turns) 8796 | 50 1238 . . . . . . . . . . 158 527 1954 1458 1615 951 738 107 Optics 5286 | . . . . . . . . . . . . . . 417 1458 1615 951 738 107 Terrain 21 | 21 . . . . . . . . . . . . . . . . . . . Traps 3 | . . . . . . . . . . . . . 3 . . . . . . Seismic 1267 | 29 1238 . . . . . . . . . . . . . . . . . . T.N.C. 4669 | . . . . . . . . . . . . 158 527 1267 . 1046 951 720 . Triangulation 501 | . . . . . . . . . . . . . . . . . . 501 . Jamming 2561 | . . . . . . . . . . . . 57 3 555 1088 115 192 551 . Robot Analysis Total 1 | . 1 . . . . . . . . . . . . . . . . . . Derelict Logs Recovered 4 | . . 2 . 2 . . . . . . . . . . . . . . . Drone Launches 1 | . . . . . . . . . . . . . . . . 1 . . . Drone Recoveries 1 | . . . . . . . . . . . . . . . . 1 . . . Exploration | -11 -10 -10 -9 -9 -9 -8 -8 -8 -8 -8 -7 -6 -6 -6 -6 -6 -6 -5 -5 ------------- Run | Yrd Mat Min Mat Min Exi Min Mat Gar Mat Gar Fac Fac Was Fac Gar Fac Gar Fac Gar Turns Passed 25969 | 118 1804 1819 2869 980 651 1016 2345 2182 237 2075 1829 314 527 2334 1458 1615 951 738 107 Spaces Moved 18381 | 52 874 592 1224 461 298 466 1005 1123 128 1064 1286 595 263 2533 1260 2340 1298 1466 53 Core 9 | 6 . . . . . . . . . . . . . . 3 . . . . Treads 7353 | 46 874 592 1224 461 298 466 1005 1123 128 1064 66 . . . 5 . . 1 . Legs 782 | . . . . . . . . . . . . . . 453 329 . . . . Wheels 794 | . . . . . . . . . . . 794 . . . . . . . . Hover 67 | . . . . . . . . . . . 20 . . . . . . . 47 Flight 9376 | . . . . . . . . . . . 406 595 263 2080 923 2340 1298 1465 6 Fastest Speed 22 | 50 160 160 160 160 213 213 156 158 158 156 34 24 24 23 23 22 22 29 35 Average Speed 99 | 147 170 238 187 207 213 213 167 161 158 157 99 26 24 48 52 29 32 31 110 Slowest Speed 700 | 160 240 240 200 213 213 213 213 243 162 212 156 34 102 250 700 34 111 180 150 Overloaded Moves 73 | . . . . . . . . . . . . . . . . 16 5 52 . Propulsion Burnouts . | . . . . . . . . . . . . . . . . . . . . Robots Hopped 60 | . . . . . . . . . . . 2 4 . 20 4 15 . 15 . Potential Cave-ins . | . . . . . . . . . . . . . . . . . . . . Cave-ins Triggered . | . . . . . . . . . . . . . . . . . . . . Exploration Rate (%) 64 | 3 97 96 96 93 70 87 59 98 22 97 30 15 93 38 90 50 88 53 7 Regions Visited 19 Branch Regions 4 Pre-discovered Areas 7 | . . 2 3 . 1 . 1 . . . . . . . . . . . . Known Exits Taken 7 | . . . 1 . . . 1 . 1 . 1 . . 1 . 1 . 1 . Unknown Exits Taken 6 | 1 1 1 . 1 1 1 . . . . . . . . . . . . . Scrap Searched 5 | . . 1 . 1 . 3 . . . . . . . . . . . . . Spaces Dug 313 | . 6 22 41 . . . 1 9 . 35 33 3 . 4 57 8 70 24 . Terrain Destroyed 787 | . 6 25 86 . . . 8 104 . 38 140 6 . 73 81 20 127 73 . Melee 125 | . . . 1 . . . 1 . . 35 7 3 . 3 7 8 53 7 . Projectile 43 | . . . . . . . . . . . 2 3 . 24 11 . 1 2 . AOE 618 | . 6 25 85 . . . 7 104 . 3 131 . . 46 63 12 73 63 . Terrain Rammed . | . . . . . . . . . . . . . . . . . . . . Walls Destroyed . | . . . . . . . . . . . . . . . . . . . . Machines Disabled . | . . . . . . . . . . . . . . . . . . . . Actions | -11 -10 -10 -9 -9 -9 -8 -8 -8 -8 -8 -7 -6 -6 -6 -6 -6 -6 -5 -5 --------- Run | Yrd Mat Min Mat Min Exi Min Mat Gar Mat Gar Fac Fac Was Fac Gar Fac Gar Fac Gar Total 24593 | 81 1106 978 1625 478 316 476 1540 1385 155 1271 1749 720 724 3534 1900 3142 1678 1656 79 Wait 3964 | 11 61 359 170 4 . 3 325 99 11 27 267 69 453 778 390 669 165 100 3 Move 18255 | 51 873 591 1223 460 297 465 1004 1122 128 1063 1281 588 262 2499 1253 2309 1297 1436 53 Hop 51 | . . . . . . . . . . . 2 3 . 14 2 15 . 15 . Pick Up 213 | 6 19 6 18 2 6 . 25 17 1 9 23 6 2 34 19 11 6 3 . Fast Attach 143 | 5 3 . 5 . . . 12 10 2 6 18 16 2 28 10 10 1 6 9 Attach 84 | 2 . . 4 . 2 . 5 5 . 4 11 2 . 11 11 6 10 11 . Detach 23 | . . . . . . . 1 . . . 3 2 . 4 . 2 8 3 . Swap 205 | 1 19 6 28 4 . . 24 17 4 21 22 2 2 16 10 10 11 8 . Drop 296 | . 14 2 28 3 7 . 37 24 4 11 43 13 3 54 24 14 8 6 1 Fire 618 | 5 41 14 100 5 . . 68 81 5 63 69 7 . 42 53 4 26 35 . Melee 368 | . . . 1 . 4 8 6 10 . 67 8 12 . 17 41 73 85 23 13 Ram . | . . . . . . . . . . . . . . . . . . . . Kick . | . . . . . . . . . . . . . . . . . . . . Crush 4 | . . . 1 . . . 3 . . . . . . . . . . . . Escape Stasis 150 | . . . . . . . . . . . . . . 30 30 19 61 10 . Rewire 58 | . . . . . . . . . . . . . . 1 57 . . . . Trap 161 | . 76 . 47 . . . 30 . . . 2 . . 6 . . . . . Miscellaneous . | . . . . . . . . . . . . . . . . . . . . Route ------- -11/Scrapyard -10/Materials (discovered 5 exits: *Mat x3 / *Min x2) -10/Mines (discovered 3 exits: *Mat x2 / [*Sub]) -9/Materials (discovered 5 exits: *Mat x3 / *Min x2) -9/Mines (discovered 3 exits: *Mat x2 / *Exi) -9/Exiles (discovered 2 exits: [*Min x2]) -8/Mines (discovered 2 exits: *Mat x2) -8/Materials (discovered 4 exits: *Fac x3 / Gar) -8/Garrison (discovered 4 exits: *Mat x4) -8/Materials -8/Garrison (discovered 3 exits: *Fac x3) -7/Factory -6/Factory -6/Waste -6/Factory (discovered 6 exits: *Fac / *Low x2 / Ext x2 / Gar) -6/Garrison (discovered 3 exits: *Fac x3) -6/Factory (discovered 7 exits: *Fac x2 / Low x2 / Ext x2 / Gar) -6/Garrison (discovered 3 exits: *Fac x3) -5/Factory (discovered 4 exits: *Fac / Upp x2 / Gar) -5/Garrison History --------- Turn | Location | Event 4 | -11/Scrapyard | Discovered new exit (range 16) 119 | -11/Scrapyard | Entered Materials 315 | -10/Materials | Build established: Mutant 593 | -10/Materials | Discovered new exit (range 16) 932 | -10/Materials | Discovered new exit (range 16) 1150 | -10/Materials | Repaired Lgt. Treads 1319 | -10/Materials | Build established: Trapper-Mutant 1379 | -10/Materials | Discovered new exit (range 7) 1702 | -10/Materials | Discovered new exit (range 18) 1750 | -10/Materials | Discovered new exit (range 16) 1923 | -10/Materials | Entered Mines 1932 | -10/Mines | Met a Derelict shopkeep closing up shop 2057 | -10/Mines | Learned 2 Materials zone layouts 2106 | -10/Mines | Assembled infested the area 2158 | -10/Mines | Discovered new exit (range 10) 2684 | -10/Mines | Discovered new exit (range 8) 3076 | -10/Mines | Learned location of Zion (-6) 3246 | -10/Mines | Learned location of Storage (-7) 3684 | -10/Mines | Discovered new exit (range 6) 3742 | -10/Mines | Entered Materials 3742 | -9/Materials | Evolved 2 slots: Propulsion x1, Utility x1 3827 | -9/Materials | Repaired Beam Cannon 4447 | -9/Materials | Discovered new exit (range 10) 4492 | -9/Materials | Central database locked down 4736 | -9/Materials | Discovered new exit (range 14) 4996 | -9/Materials | Discovered new exit (range 14) 5137 | -9/Materials | Learned Storage stockpile data 5183 | -9/Materials | Identified exit to Mines 5263 | -9/Materials | Learned 2 Materials zone layouts 5269 | -9/Materials | Learned Storage emergency access door positions 5270 | -9/Materials | Learned location of 1 exit from Storage 5293 | -9/Materials | Learned 2 Materials zone layouts 5317 | -9/Materials | Learned 2 Materials zone layouts 5468 | -9/Materials | Repaired Hvy. Ion Engine 5940 | -9/Materials | Discovered new exit (range 9) 6542 | -9/Materials | First assault squad dispatched 6611 | -9/Materials | Entered Mines 6627 | -9/Mines | Learned location of 1 exit from Materials 6878 | -9/Mines | Discovered new exit (range 9) 6975 | -9/Mines | Found a Scrap Suit stashed away for nefarious purposes 6982 | -9/Mines | Found Scrap Suit 7041 | -9/Mines | Learned Materials garrison access intel 7062 | -9/Mines | Discovered new exit (range 8) 7186 | -9/Mines | Assisted by bots powering up and referring to "LRC-V3" 7386 | -9/Mines | A weapon hastily lodged in a ceiling crevice suddenly fell to the ground 7578 | -9/Mines | Deemed a non-threat by the Exiles lab entrance 7581 | -9/Mines | Discovered new exit (range 5) 7591 | -9/Mines | Entered Exiles 7591 | -9/Exiles | Accompanied by 3 allies 7624 | -9/Exiles | Discovered new exit (range 15) 7654 | -9/Exiles | Met 8R-AWN 7690 | -9/Exiles | Met EX-HEX 7770 | -9/Exiles | Met EX-DEC 7876 | -9/Exiles | Met EX-BIN 7903 | -9/Exiles | Aligned with FarCom system 7905 | -9/Exiles | Given EX-Vault access code 7960 | -9/Exiles | Opened EX-Vault 7987 | -9/Exiles | Found Botcube 8008 | -9/Exiles | Found AWS/Thermal 8048 | -9/Exiles | Warned to stay clear of 0b10 Research branches 8225 | -9/Exiles | Discovered new exit (range 10) 8242 | -9/Exiles | Left Exiles lab with AWS/Thermal 8242 | -9/Exiles | Entered Mines 8242 | -8/Mines | Accompanied by 3 allies 8354 | -8/Mines | Discovered new exit (range 15) 9012 | -8/Mines | Discovered new exit (range 7) 9258 | -8/Mines | Entered Materials 9258 | -8/Materials | Accompanied by 3 allies 9258 | -8/Materials | Evolved 2 slots: Propulsion x1, Utility x1 9259 | -8/Materials | Identified exit to Factory 9261 | -8/Materials | Loaded intel: 1 garrison access location 9812 | -8/Materials | Repaired Beamcaster 10835 | -8/Materials | Learned 2 Lower Caves zone layouts 10864 | -8/Materials | Learned Storage stockpile data 10885 | -8/Materials | Learned location of 1 exit from Lower Caves 10898 | -8/Materials | Learned 2 Lower Caves zone layouts 10901 | -8/Materials | Learned Storage emergency access door positions 10907 | -8/Materials | Learned location of 1 exit from Recycling 10947 | -8/Materials | Learned Recycling recycling unit intel 11061 | -8/Materials | Botcube activated 11083 | -8/Materials | Botcube completed mutation into legged form, armed with 2 guns. 11415 | -8/Materials | Identified exit to Garrison 11603 | -8/Materials | Entered Garrison 11603 | -8/Garrison | Accompanied by 2 allies 11931 | -8/Garrison | Triggered checkpoint 11985 | -8/Garrison | Garrison Relay disabled 12090 | -8/Garrison | Triggered checkpoint 12121 | -8/Garrison | Triggered checkpoint 12502 | -8/Garrison | Triggered checkpoint 12527 | -8/Garrison | Discovered new exit (range 5) 12556 | -8/Garrison | Spotted B-75 Beast 12572 | -8/Garrison | Destroyed B-75 Beast 12646 | -8/Garrison | Discovered new exit (range 9) 12689 | -8/Garrison | Installed Relay Interface Framework 12710 | -8/Garrison | Garrison Relay disabled 12713 | -8/Garrison | Triggered checkpoint 12887 | -8/Garrison | Triggered checkpoint 13145 | -8/Garrison | Discovered new exit (range 15) 13224 | -8/Garrison | Phase Generator disabled 13431 | -8/Garrison | Triggered checkpoint 13487 | -8/Garrison | Discovered new exit (range 10) 13501 | -8/Garrison | Triggered checkpoint 13785 | -8/Garrison | Entered Materials 13785 | -8/Materials | Accompanied by 5 allies 14020 | -8/Materials | Identified exit to Garrison 14022 | -8/Materials | Entered Garrison 14022 | -8/Garrison | Accompanied by 4 allies 14348 | -8/Garrison | Triggered checkpoint 14469 | -8/Garrison | Expanded RIF knowledge: Watcher Feeds 14488 | -8/Garrison | Discovered exit to Factory (range 15) 14613 | -8/Garrison | Garrison Relay disabled 14624 | -8/Garrison | Triggered checkpoint 14794 | -8/Garrison | Triggered checkpoint 14833 | -8/Garrison | Discovered exit to Factory (range 15) 14883 | -8/Garrison | Spotted B-75 Beast 14901 | -8/Garrison | Spotted B-75 Beast 14918 | -8/Garrison | Found Botcube 14925 | -8/Garrison | Destroyed B-75 Beast 14936 | -8/Garrison | Lost 3 allies 14944 | -8/Garrison | Destroyed B-75 Beast 14946 | -8/Garrison | Lost 3 parts (2n1u) 14981 | -8/Garrison | Rescued a captive Derelict 14984 | -8/Garrison | Rescued a captive Derelict 15176 | -8/Garrison | Garrison Relay disabled 15264 | -8/Garrison | Triggered checkpoint 15509 | -8/Garrison | Discovered exit to Factory (range 10) 15581 | -8/Garrison | Garrison Relay disabled 16097 | -8/Garrison | Entered Factory 16097 | -7/Factory | Accompanied by 1 ally 16097 | -7/Factory | Evolved 2 slots: Propulsion x1, Utility x1 16497 | -7/Factory | First assault squad dispatched 16504 | -7/Factory | Found Prototype Launcher 16504 | -7/Factory | Identified Rocket Array 16579 | -7/Factory | Repaired Hrd. Heavy Armor Plating 17173 | -7/Factory | Discovered new exit (range 15) 17464 | -7/Factory | Destroyed 9 combat bots 17701 | -7/Factory | Cargo convoy interrupted 17772 | -7/Factory | High security lockdown imminent 17793 | -7/Factory | Found Exp. Signal Interpreter 17852 | -7/Factory | High security lockdown engaged 17919 | -7/Factory | Core integrity fell below 50% 17925 | -7/Factory | Identified exit to Factory 17926 | -7/Factory | Entered another Factory area 17926 | -6/Factory | Evolved 2 slots: Utility x2 18240 | -6/Factory | Sucked down chute 18240 | -6/Factory | Entered Waste 18244 | -6/Waste | Spotted C-40 Crusher 18250 | -6/Waste | Spotted C-40 Crusher 18250 | -6/Waste | Spotted C-40 Crusher 18259 | -6/Waste | Spotted C-40 Crusher 18262 | -6/Waste | Spotted C-40 Crusher 18266 | -6/Waste | Warlord forces began an assault 18289 | -6/Waste | Allies destroyed C-40 Crusher 18294 | -6/Waste | Allies destroyed C-40 Crusher 18295 | -6/Waste | Spotted C-40 Crusher 18302 | -6/Waste | Allies destroyed C-40 Crusher 18311 | -6/Waste | Allies destroyed C-40 Crusher 18318 | -6/Waste | Allies destroyed C-40 Crusher 18324 | -6/Waste | Discovered new exit (range 15) 18337 | -6/Waste | Lost 10 allies 18353 | -6/Waste | Identified exit to Factory 18516 | -6/Waste | Build established: Trapper-Sprinter 18767 | -6/Waste | Entered Factory 18767 | -6/Factory | Accompanied by 9 allies 18980 | -6/Factory | Fabricated Hvy. Insulated Plating? 19259 | -6/Factory | Discovered new exit (range 9) 19261 | -6/Factory | Identified exit to Lower Caves 19261 | -6/Factory | Identified exit to Extension 19963 | -6/Factory | Cargo convoy interrupted 20005 | -6/Factory | Identified exit to Garrison 20035 | -6/Factory | Found Prototype Device 20035 | -6/Factory | Identified Exp. EM Disruption Field 20250 | -6/Factory | Lost 5 allies 20260 | -6/Factory | AWS/Thermal suddenly broke down 20299 | -6/Factory | Build established: Hacker-Mutant 20303 | -6/Factory | Destroyed 11 combat bots 20636 | -6/Factory | Botcube activated 20660 | -6/Factory | Botcube completed mutation into legged form, armed with 2 melee weapons. 21101 | -6/Factory | Identified exit to Garrison 21101 | -6/Factory | Entered Garrison 21101 | -6/Garrison | Accompanied by 1 ally 21265 | -6/Garrison | Triggered checkpoint 21290 | -6/Garrison | Garrison Relay disabled 21317 | -6/Garrison | System corruption reached 10% 21461 | -6/Garrison | Triggered checkpoint 21491 | -6/Garrison | Triggered checkpoint 21509 | -6/Garrison | Triggered checkpoint 21521 | -6/Garrison | Triggered checkpoint 21548 | -6/Garrison | Found Botcube 21588 | -6/Garrison | Lost 3 allies 21671 | -6/Garrison | Triggered checkpoint 21708 | -6/Garrison | Garrison Relay disabled 21761 | -6/Garrison | Lost 4 parts (2n2w) 21879 | -6/Garrison | Discovered new exit (range 9) 21917 | -6/Garrison | Spotted B-75 Beast 21979 | -6/Garrison | Garrison Relay disabled 21987 | -6/Garrison | Discovered new exit (range 9) 21989 | -6/Garrison | Spotted B-90 Cyclops 22158 | -6/Garrison | Build established: Hacker-Sprinter 22177 | -6/Garrison | Spotted B-75 Beast 22235 | -6/Garrison | Botcube activated 22247 | -6/Garrison | Botcube completed mutation into treaded form, armed with 2 cannons. 22277 | -6/Garrison | Destroyed B-75 Beast 22439 | -6/Garrison | Discovered new exit (range 12) 22451 | -6/Garrison | Triggered checkpoint 22495 | -6/Garrison | Expanded RIF knowledge: Threat Obfuscation 22499 | -6/Garrison | Garrison Relay disabled 22559 | -6/Garrison | Entered Factory 22559 | -6/Factory | Accompanied by 1 ally 22731 | -6/Factory | Discovered new exit (range 16) 23012 | -6/Factory | Identified exit to Garrison 23159 | -6/Factory | Discovered new exit (range 18) 23180 | -6/Factory | Core integrity fell below 50% 23580 | -6/Factory | Spotted B-75 Beast 23609 | -6/Factory | First assault squad dispatched 23664 | -6/Factory | Build established: Bothacker-Scout 23695 | -6/Factory | Cargo convoy interrupted 23906 | -6/Factory | Found Prototype Device 23908 | -6/Factory | Found Prototype Launcher 23912 | -6/Factory | Lost 3 parts (1p1u1w) 23929 | -6/Factory | Identified Hellfire Missile Launcher 23931 | -6/Factory | Identified Exp. Thermal Shield 24174 | -6/Factory | Entered Garrison 24174 | -6/Garrison | Accompanied by 1 ally 24286 | -6/Garrison | Triggered checkpoint 24299 | -6/Garrison | Garrison Relay disabled 24372 | -6/Garrison | Triggered checkpoint 24378 | -6/Garrison | Triggered checkpoint 24440 | -6/Garrison | Destroyed 7 combat bots 24463 | -6/Garrison | Expanded RIF knowledge: Command Fork 24467 | -6/Garrison | Discovered new exit (range 11) 24588 | -6/Garrison | Discovered new exit (range 19) 24620 | -6/Garrison | Garrison Relay disabled 24624 | -6/Garrison | Triggered checkpoint 24652 | -6/Garrison | Discovered new exit (range 10) 24761 | -6/Garrison | Found Relay Coupler [Proto] 24762 | -6/Garrison | Found Relay Coupler [Proto] 24816 | -6/Garrison | Found Botcube 24917 | -6/Garrison | Learned Factory security intel 24952 | -6/Garrison | Triggered checkpoint 24961 | -6/Garrison | Rescued a captive Derelict 24964 | -6/Garrison | Rescued a captive Derelict 25052 | -6/Garrison | Expanded RIF knowledge: Command Fork 25054 | -6/Garrison | Garrison Relay disabled 25072 | -6/Garrison | Triggered checkpoint 25087 | -6/Garrison | Garrison Relay disabled 25125 | -6/Garrison | Entered Factory 25125 | -5/Factory | Accompanied by 4 allies 25125 | -5/Factory | Evolved 2 slots: Power x1, Utility x1 25206 | -5/Factory | Found Exp. Targeting Computer 25223 | -5/Factory | Unchained authorized (GL-D0S) 25263 | -5/Factory | Exiles provided nearest exit location to -4/Factory 25509 | -5/Factory | Build established: Bothacker-Ninja 25718 | -5/Factory | Identified exit to Upper Caves 25838 | -5/Factory | Core integrity fell below 50% 25851 | -5/Factory | Garrison activated, responded to threat 25859 | -5/Factory | Core integrity fell below 20% 25863 | -5/Factory | Identified exit to Garrison 25863 | -5/Factory | Entered Garrison 25886 | -5/Garrison | Lost 17 parts (3p6n5u3w) 25960 | -5/Garrison | Expanded RIF knowledge: Program Shield 25970 | -5/Garrison | Destroyed by X-77 Beamer with Gatling Laser Last Messages --------------- 25893_ Acquired Cmb. Gravmag System. 25896_ Acquired 22 matter. 25897_ Acquired Lyr. Light Armor Plating. 25903_ Acquired Shock Absorption System. 25905_ Acquired Hvy. Rocket Launcher. 25910_ Acquired 40 matter. 25916_ System corrupted: IFF burst signal emitted. 25928_ Penetrated by Slug. 25929_ Y-64 Sentinel destroyed. 25934_ System corrupted: Cmb. Gravmag System fused. 25935_ Acquired Imp. Treads. 25936_ Dropped Imp. Treads. 25939_ Acquired Neutrino Core. 25942_ Acquired 20 matter. 25954_ Triggered Alarm Trap. 25954_ An alarm sounds. Initiating installation procedure... 25960_ Expanded RIF knowledge: Program Shield. 25961_ OWMX|5EPZXYR4/USESP32D/0D9QDPB1EJG>SH 25969_ X-77 Beamer destroyed. Map ----- +----------------------------------------------------+ | ??????????????????????????????????????? | | ??????????????????????????????????????? | | ??????????????????????????????????????? | | ??????????????????????????????????????? | | ??????????????????????????????????????? | | ??????????????????????????????????????? | | ??????????????????????????????????????? | | ??????????????????????????????????????? | | ??????????????????????????????????????? | | ??????????????????????????????????????? | | ??????????????????????????????????????? | | ??????????????????????????????????????? | | ??????????????????????????????????????? | | ??????????????????????????????????????? | | ??????????????????????????????????????? | | ??????????????????????????????????????? | | ??????????????????????????????????????? | | ????????????????###???????????????????? | | ????????????????# #???????????????????? | | ????????????????# #???????????????????? | | ????????????????# #???????????????????? | | ????????????????# #???????????????????? | | ?????????????#### #???????????????????? | | ?????????????# ## #????????#??????????? | | ?????????#####;## #???????!#??????????? | | ?????????#""""@## ####### ####### ##?? | | ?????????#" !x; +!! | | ?????????#"""" #####%== | | ?????????#######???#![########### ####? | | ???????????????????#]!#???????????????? | | ???????????????????#! ##??????????????? | | ???????????????????#%] #??????????????? | | ???????????????????#!!]#??????????????? | | ???????????????????#! #??????????????? | | ???????????????????# #??????????????? | | ???????????????????# #??????????????? | | ???????????????????# ##??????????????? | | ?????????????????### #???????????????? | | ?????????????????# #???????????????? | | ?????????????????# #???????????????? | | ?????????????????# #???????????????? | | ?????????????????### #???????????????? | | ???????????????????# #???????????????? | | ???????????????????# #???????????????? | | ???????????????????# #???????????????? | | ??????????????????? #???????????????? | | ??????????????????? ???????????????? | | ??????????????????? """???????????????? | | ??????????????????? ??????????????????? | | ?????????????????? ??????????????????? | +----------------------------------------------------+ Best States ------------- Heat Dissipation 64 Coolant Potential 65 Energy Generation 25 Energy Capacity 850 Matter Stores 300 Matter Capacity 300 Sight Range 20 Terrain Scan Range 16 Terrain Scan Density 10 Jamming Range 14 Additional Mass Support 16 Armor Coverage 600 Resistance: KI 20 Resistance: TH 30 Resistance: EX 25 Evasion (%) 65 Targeting Accuracy 12 Melee Accuracy 8 Core Analysis 6 Recoil Reduction 4 Offensive Hacking 22 Defensive Hacking 22 Relay Coupler Types 2 Relay Coupler Value 63 Trap Extractor Capacity 8 Item Schematics ----------------- Huge Storage Unit | -10/Materials | Hacked Hacking Suite | -9/Materials | Scanalyzed Trap Extractor | -9/Materials | Scanalyzed Hvy. Armored Exoskeleton | -6/Factory | Scanalyzed Helical Railgun | -6/Factory | Scanalyzed Cld. Cesium-ion Thruster | -5/Factory | Scanalyzed Robot Schematics ------------------ None Fabricated ------------ Hvy. Insulated Plating | x1 | -6/Factory | Preloaded Repaired ---------- Lgt. Treads | 38% | -10/Materials Beam Cannon | 31% | -9/Materials Hvy. Ion Engine | 53% | -9/Materials Beamcaster | 46% | -8/Materials Hrd. Heavy Armor Plating | 51% | -7/Factory Studied --------- Lgt. Treads | -9/Materials | Hacked Adv. Treads | -8/Materials | Hacked Missile Launcher | -8/Materials | Hacked Remote Datajack | -6/Factory | Hacked Power Sword | -6/Factory | Hacked Alien Tech Used ----------------- None Achievements -------------- None Challenges ------------ None Game ------ Seed GuidanceSiegeShooter Manual? 0 Play Time 05:17:00 Cumulative 1238.9 hours Start 2026.01.10 @ 16:02:48 End 2026.01.11 @ 11:25:08 Sessions 3 Manual Loads 0 Difficulty Rogue Special Mode None Game No. 425 Rogue 420 Adventurer 4 Explorer 1 Win Type - Total 26 Types 14/5/1/2/0/1/0/0/2/1 Lore% 97 Gallery% 96 Achievement% 82 Wizard Run 0 Options --------- Layout 0 ASCII 0 Keyboard 0 Movement Numpad Keybinds 0 Fullscreen 2 Font 18/SmallcapsGlow Map View 76x50 Zoom Use 0% Tactical HUD 1 Map Filters NONE Filters NONE Steam 1 RUN: ec90ef5d-0a0b-459c-b91c-63ba7b44a7af